 Dungeon Crawl Stone Soup version 0.32-a0-791-gfc315c9ecd (webtiles) character file.

Game seed: 14746176857604848364

245 Aldia the Grave Robber (level 5, 0/38 HPs)
             Began as a Mummy Necromancer on Mar 20, 2024.
             Was an Initiate of Beogh.
             Slain by a lemure (5 damage)
             ... led by Pikel
             ... on level 4 of the Dungeon.
             The game lasted 00:08:34 (2902 turns).

Aldia the Grave Robber (Mummy Necromancer)          Turns: 2902, Time: 00:08:35

Health: 0/38       AC:  2    Str: 11    XL:     5   Next: 84%
Magic:  1/11       EV: 11    Int: 17    God:    Beogh [......]
Gold:   75         SH:  0    Dex: 12    Spells: 4/12 levels left

rFire   . . .        p - +1 dagger (vamp)
rCold   + . .        (no shield)
rNeg    + + +        a - +0 robe
rPois   ∞            (no helmet)
rElec   .            (no cloak)
rCorr   .            (no gloves)
SInv    .            (no boots)
Will    .....        (no amulet)
Stlth   ++           j - ring of protection from fire
HPRegen 0.26/turn    (no ring)
MPRegen 0.12/turn

%: faith
@: no status effects
A: cold resistance 1, negative energy resistance 3, torment resistance 2, heat
vulnerability 1, in touch with death 1, no potions, faith
a: Renounce Religion


You were on level 4 of the Dungeon.
You worshipped Beogh.
Beogh was noncommittal.
You visited 1 branch of the dungeon, and saw 4 of its levels.

You collected 153 gold pieces.
You spent 78 gold pieces at shops.

Inventory:

Hand Weapons
 c - a +0 club
 d - a +0 short sword
 m - a +0 falchion
 p - a +1 vampiric dagger (weapon)
Missiles
 o - 3 silver javelins
Armour
 a - a +0 robe (worn)
 e - a +0 ring mail
Jewellery
 j - a ring of protection from fire (left hand)
Wands
 g - a wand of iceblast (3)
 q - a wand of digging (8)
Scrolls
 b - 4 scrolls of teleportation
 f - a scroll of enchant weapon
 h - a scroll of amnesia
 i - 2 scrolls of enchant armour {unknown}
 k - a scroll of fear
 l - a scroll of revelation {unknown}
 n - a scroll of identify
 r - a scroll of blinking {unknown}


   Skills:
 + Level 2.1 Fighting
 - Level 2.0 Dodging
 - Level 2.0 Stealth
 + Level 4.3 Spellcasting
 * Level 5.7 Necromancy


You had 4 spell levels left.
You knew the following spells:

 Your Spells              Type           Power      Damage    Failure   Level
a - Necrotise             Necr           100%       1d9       1%          1
b - Vampiric Draining     Necr           34%        2d8       4%          3
c - Animate Dead          Necr           34%        N/A       14%         4

Your spell library contained the following spells:

 Spells                   Type           Power      Damage    Failure   Level
 Apportation              Tloc           6%         N/A       16%         1
 Jinxbite                 Hex            6%         N/A       22%         2
 Tukima's Dance           Hex            3%         N/A       41%         3
 Martyr's Knell           Necr/Summ      20%        N/A       43%         4
 Passage of Golubria      Tloc           3%         N/A       83%         4
 Curse of Agony           Necr           34%        N/A       36%         5
 Alistair's Intoxication  Alch           2%         N/A       99%         5
 Yara's Violent Unravell  Hex/Alch       1%         3d3       99%         5
 Malign Gateway           Summ/Tloc      1%         N/A       100%        7
 Summon Horrible Things   Summ           1%         N/A       100%        8


Dungeon Overview and Level Annotations

Branches:
Dungeon (4/15)
 Temple: D:4-7

Altars:
Fedhas
Nemelex Xobeh
Sif Muna
Trog

Shops:
D:1 ?

Annotations:
D:3 1 runed translucent door, hattop's ghost, amateur DrSh
D:4 Pikel


Innate Abilities, Weirdness & Mutations

You are immune to poison.
Your flesh is cold resistant. (rC+)
You are immune to negative energy. (rN+++)
You are immune to unholy pain and torment.
You are vulnerable to heat. (rF-)
You are in touch with the powers of death.
You do not drink.
You have a special connection with the divine. (Faith)


Message History

Unknown command.
Unknown command.
Unknown command.
Casting: Vampiric Draining (dangerous; 4% risk of failure)
Confirm with . or Enter, or press ? or * to list all spells.
Aiming: Vampiric Draining (dangerous; 4% risk of failure)
Press: ? - help, Shift-Dir - straight line, f/p - Pikel
Aim: Pikel, wielding a +1 whip of flaming and wearing a +1 robe of willpower (moderately wounded)
You feel a surge of power!
You draw life force from Pikel!
You feel life coursing into your body. The lemure hits you!
Pikel hits you with a +1 whip of flaming.
* * * LOW HITPOINT WARNING * * *
Pikel burns you.
* * * LOW HITPOINT WARNING * * *
Unknown command.
Unknown command.
Unknown command.
Casting: Vampiric Draining (dangerous; 4% risk of failure)
Confirm with . or Enter, or press ? or * to list all spells.
Aiming: Vampiric Draining (dangerous; 4% risk of failure)
Press: ? - help, Shift-Dir - straight line, f/p - Pikel
Aim: Pikel, wielding a +1 whip of flaming and wearing a +1 robe of willpower (moderately wounded)
You feel a surge of power!
You draw life force from Pikel!
You feel life coursing into your body. The lemure hits you.
* * * LOW HITPOINT WARNING * * *
The lemure closely misses you. Pikel barely misses you.
The lemure barely misses you. The lemure closely misses you.
Unknown command.
Unknown command.
Unknown command.
Unknown command.
Casting: Vampiric Draining (dangerous; 4% risk of failure)
Confirm with . or Enter, or press ? or * to list all spells.
Aiming: Necrotise (safe; 1% risk of failure)
Press: ? - help, Shift-Dir - straight line, f/p - Pikel
Aim: Pikel, wielding a +1 whip of flaming and wearing a +1 robe of willpower (heavily wounded, chance to affect: 52%)
You feel a surge of power!
Pikel writhes in agony.
The lemure hits you.
* * * LOW HITPOINT WARNING * * *
The lemure hits you.
You die...

..........#..........#
..........#####.......
###.##..# #......
##..##%# #..#<.#.
.§§.... ##..#
≈§§§≈≈.##...#
.§§§.≈..... #
≈§≈§§§.5K# .#
_§§≈.≈.@5#..####
§≈.§.≈.55......#
...§...##.##....
≈≈§≈≈≈. .# ## ..?.§≈§
.. .≈≈≈.≈§ ##. ..§≈§§.
## ≈≈≈§.≈. ....§§.


You could see Pikel and 4 lemures.

Vanquished Creatures
  2 hounds
  An orc priest (D:3)
  3 orc wizards (D:4)
  3 adders
  A dart slug (D:3)
  6 orcs
  3 bats (D:1)
  3 endoplasms
  2 giant cockroaches
  2 hobgoblins (D:2)
  2 jackals (D:1)
  5 kobolds
  4 quokkas
  4 ball pythons
  5 frilled lizards
  5 rats
51 creatures vanquished.

Vanquished Creatures (collateral kills)
  A goblin (D:3)
1 creature vanquished.

Grand Total: 52 creatures vanquished

Notes
Turn   | Place    | Note
-------+----------+-------------------------------------------
     0 | D:1      | Aldia the Mummy Necromancer began the quest for the Orb.
     0 | D:1      | Reached XP level 1. HP: 13/13 MP: 4/4
   190 | D:1      | Found Riblaenn's Magic Scroll Emporium.
   256 | D:1      | Reached XP level 2. HP: 20/20 MP: 0/5
   720 | D:1      | Found a faded altar of an unknown god.
   995 | D:1      | Bought a scroll of identify for 26 gold pieces
  1037 | D:2      | Reached skill level 1 in Fighting
  1130 | D:2      | Reached XP level 3. HP: 26/26 MP: 5/7
  1134 | D:2      | Learned a level 3 spell: Vampiric Draining
  1471 | D:2      | Reached XP level 4. HP: 32/32 MP: 5/9
  1509 | D:2      | Learned a level 4 spell: Animate Dead
  1870 | D:1      | Bought a scroll of fear for 52 gold pieces
  2247 | D:3      | Reached skill level 5 in Necromancy
  2364 | D:3      | Found a runed translucent door.
  2366 | D:3      | Noticed hattop's ghost (amateur DrSh)
  2381 | D:3      | Reached XP level 5. HP: 38/38 MP: 10/10
  2389 | D:3      | Became a worshipper of Beogh the Shepherd
  2530 | D:3      | Found a bloodstained altar of Trog.
  2560 | D:3      | Found a blossoming altar of Fedhas.
  2760 | D:4      | Found a sparkling altar of Nemelex Xobeh.
  2895 | D:4      | Noticed Pikel
  2895 | D:4      | Noticed a lemure
  2896 | D:4      | Noticed a lemure
  2896 | D:4      | Found a shimmering blue altar of Sif Muna.
  2897 | D:4      | Noticed a lemure
  2897 | D:4      | Noticed a lemure
  2902 | D:4      | Slain by a lemure

Illustrated notes

Levels and vault maps discovered:
D:1:      denvon_arrival_planthouse, layout_loops_ring, serial_shops, shop,
          chequers_ecumenical_altar_grove
D:2:      layout_loops_ring, nicolae_figureground_pulse
D:3:      layout_rooms, minmay_overflow_temple_star_quad, gammafunk_ghost_grave,
          hangedman_decor_clover_reticule, chequers_serial_rivers_micro_d,
          serial_bayou_lake_a
D:4:      layout_rooms, mainiacjoe_overflow_catwalk_spiral,
          mainiacjoe_overflow_brackets, uniq_pikel

Skill      XL: |  1  2  3  4  5 |
---------------+----------------+-----
Spellcasting   | 3 4 |  4.3
Fighting       | 1 2 |  2.1
Stealth        | 2 |  2.0
Necromancy     | 5 |  5.7
Dodging        | 2 |  2.0

Action                     |  1- 3 |  4- 6 || total
---------------------------+-------+-------++-------
  Melee: Unarmed           |     2 |       ||     2
         Club              |     5 |       ||     5
         Short sword       |     4 |     7 ||    11
   Cast: Necrotise         |    46 |    37 ||    83
         Vampiric Draining |       |     3 ||     3
 Invoke: Convert to Beogh  |       |     1 ||     1
  Evoke: Wand              |       |     3 ||     3
    Use: Scroll            |     1 |     2 ||     3
   Stab: Sleeping          |     1 |       ||     1
 Armour: Robe              |    21 |    24 ||    45
  Dodge: Dodged            |    14 |    22 ||    36

Table legend: (Time is in decaauts)
 A = Elapsed time spent in this place.
 B = Non-inter-level travel time spent in this place.
 C = Inter-level travel time spent in this place.
 D = Time resting spent in this place.
 E = Time spent auto-exploring this place.
 F = Levels seen in this place.
 G = Mean time per level.
                   A        B        C        D        E       F      G
               +--------+--------+--------+--------+--------+-----+--------+
         Total |   2922 |   2721 |    201 |      0 |   2315 |   4 |  730.5 |
       Dungeon |   2922 |   2721 |    201 |      0 |   2315 |   4 |  730.5 |
               +--------+--------+--------+--------+--------+-----+--------+

Top non-repeatable levels by time:
     D:1: 1099 daAuts
     D:3: 822 daAuts
     D:2: 806 daAuts
     D:4: 194 daAuts
